 Dungeon Crawl Stone Soup version 0.28.0-53-g5a82cb258f (webtiles) character file.

Game seed: 5238450436606947889

114 issech the Chopper (level 4, 0/41 HPs)
             Began as a Minotaur Monk on June 5, 2022.
             Succumbed to Crazy Yiuf's poison
             ... on level 2 of the Dungeon.
             The game lasted 00:08:06 (3196 turns).

issech the Chopper (Minotaur Monk)                  Turns: 3196, Time: 00:08:06

Health: 0/41       AC:  9    Str: 15    XL:     4   Next: 66%
Magic:  3/3        EV:  7    Int:  7    God:
Gold:   34         SH:  0    Dex: 15    Spells: 3/3 levels left

rFire   . . .      SeeInvis .   a - +0 hand axe
rCold   . . .      Faith    .   (no shield)
rNeg    . . .      Spirit   .   o - +0 chain mail
rPois   .          Reflect  .   (helmet restricted)
rElec   .          Harm     .   g - +0 cloak
rCorr   .          Rampage  .   (no gloves)
Will    .....                   (no boots)
Stlth   ..........              (no amulet)
HPRegen 0.13/turn               (no ring)
MPRegen 0.08/turn               (no ring)

@: lethally poisoned (0 -> -4), hasted and slowed
A: horns 2, retaliatory headbutt
a: no special abilities


You were on level 2 of the Dungeon.
You visited 1 branch of the dungeon, and saw 3 of its levels.

You collected 45 gold pieces.
You spent 11 gold pieces at shops.

Inventory:

Hand Weapons
 a - a +0 hand axe (weapon)
 i - a +0 falchion
Missiles
 c - 3 bolts
 d - 118 stones (quivered)
 e - 38 arrows
 h - 5 poisoned darts
 n - 17 sling bullets
Armour
 b - a +0 robe
 g - a +0 cloak (worn)
 o - a +0 chain mail (worn)
Scrolls
 f - 3 scrolls of magic mapping {unknown}
 j - a scroll of immolation {unknown}
 k - 2 scrolls of teleportation {unknown}
 l - 2 scrolls of identify {unknown}
 m - a scroll of amnesia {unknown}
Potions
 p - a potion of degeneration


   Skills:
 + Level 4.6 Fighting
 + Level 4.7 Axes
 + Level 4.1 Dodging
 + Level 2.2 Stealth


You had 3 spell levels left.
You didn't know any spells.
Your spell library was empty.

Dungeon Overview and Level Annotations

Branches:
Dungeon (3/15)

Altars:

Shops:
D:2 (?*[*   D:3 !

Annotations:
D:2 Crazy Yiuf


Innate Abilities, Weirdness & Mutations

You have a pair of horns on your head.
You reflexively headbutt those who attack you in melee.


Message History

You start resting.
HP restored.
You see here a +0 club.
There is a fountain of clear blue water here.
There is a fountain of clear blue water here.
Crazy Yiuf shouts!
You open the door. You hit Crazy Yiuf. You headbutt Crazy Yiuf.
Crazy Yiuf is moderately wounded.
Crazy Yiuf hits you with a +2 quarterstaff of chaos!
You are poisoned.
You barely miss Crazy Yiuf.
Crazy Yiuf is moderately wounded.
You feel very sick.
Crazy Yiuf hits you with a +2 quarterstaff of chaos.
Crazy Yiuf freezes you.
You completely miss Crazy Yiuf.
Crazy Yiuf is moderately wounded.
You feel very sick.
Crazy Yiuf hits you with a +2 quarterstaff of chaos.
You hit Crazy Yiuf.
You headbutt Crazy Yiuf, but do no damage.
Crazy Yiuf is severely wounded.
You feel sick.
Crazy Yiuf hits you with a +2 quarterstaff of chaos.
* * * LOW HITPOINT WARNING * * *
You feel yourself speed up.
You hit Crazy Yiuf but do no damage.
You headbutt Crazy Yiuf, but do no damage.
Crazy Yiuf is severely wounded.
You feel sick.
You hit Crazy Yiuf.
Crazy Yiuf is severely wounded.
You feel sick.
Crazy Yiuf hits you with a +2 quarterstaff of chaos!
* * * LOW HITPOINT WARNING * * *
You feel yourself slow down.
You hit Crazy Yiuf but do no damage. You headbutt Crazy Yiuf.
Crazy Yiuf is almost dead.
You die...

####♣♣ ###
##....♣♣ ♣♣#..)#
#......♣♣♣♣@g...#
#.......♣..♣#...#
##.#....♣.♣♣♣ ###
#####..###♣♣♣♣♣
.......##
###.⌠.⌠.# ####
##...∩..# ##..#
...#⌠.⌠.###..##
#######.##..##


You could see Crazy Yiuf.

Vanquished Creatures
  Jessica (D:2)
  2 adders (D:2)
  2 worms
  2 orcs (D:3)
  7 endoplasms
  3 giant cockroaches
  4 goblins
  3 hobgoblins
  4 jackals (D:1)
  4 quokkas
  7 ball pythons
  2 bats (D:3)
  3 frilled lizards
  9 kobolds
  7 rats
60 creatures vanquished.

Vanquished Creatures (others)
  9 plants (D:2)
  16 withered plants (D:2)
25 creatures vanquished.

Grand Total: 85 creatures vanquished

Notes
Turn   | Place    | Note
-------+----------+-------------------------------------------
     0 | D:1      | issech the Minotaur Monk began the quest for the Orb.
     0 | D:1      | Reached XP level 1. HP: 19/19 MP: 0/0
   387 | D:1      | Reached XP level 2. HP: 27/27 MP: 1/1
  1236 | D:2      | Reached XP level 3. HP: 26/33 MP: 2/2
  1261 | D:2      | Found Emik's Magic Scroll Shoppe.
  1473 | D:2      | Found Urhadoz's Assorted Antiques.
  1630 | D:2      | Found a faded altar of an unknown god.
  1750 | D:2      | Noticed Jessica
  1762 | D:2      | Killed Jessica
  1763 | D:2      | Reached XP level 4. HP: 16/41 MP: 3/3
  1986 | D:2      | Found Awuohis's General Store.
  2090 | D:2      | Found Pyxuc's Antique Armour Emporium.
  2118 | D:2      | Found a runed translucent door.
  2119 | D:2      | Noticed Crazy Yiuf
  2169 | D:2      | Found Nuiteic's Antique Weapon Shop.
  2677 | D:3      | Found Vuzahife's Distillery.
  2682 | D:3      | Bought a potion of degeneration for 11 gold pieces
  3195 | D:2      | HP: 1/41 [Crazy Yiuf/+2 quarterstaff of chaos (7)]
  3196 | D:2      | Succumbed to Crazy Yiuf's poison

Illustrated notes

Levels and vault maps discovered:
D:1:      mrwooster_arrival_statue_2, layout_basic
D:2:      layout_rooms, shapermc_ecumenical_altar_flowoftime, serial_shops,
          shop, shop_fountains, shop_fountains, shop,
          nicolae_shop_advertising_works [nicolae_subvault_shop_adworks],
          uniq_jessica, uniq_crazy_yiuf_cottage
D:3:      layout_basic, serial_shops, nicolae_square_shop

Skill      XL: |  1  2  3  4 |
---------------+-------------+-----
Axes           | 4 |  4.7
Fighting       | 4 |  4.6
Dodging        | 4 |  4.1
Stealth        | 2 |  2.2

Action                   |  1- 3 |  4- 6 || total
-------------------------+-------+-------++-------
Melee: Hand axe          |   127 |    58 ||   185
       Headbutt          |    28 |     9 ||    37
       Punch             |     1 |       ||     1
 Stab: Sleeping          |     1 |     2 ||     3
Armor: Robe              |    13 |    16 ||    29
       Chain mail        |       |    20 ||    20
Dodge: Dodged            |    66 |    43 ||   109
